 Dungeon Crawl Stone Soup version 0.21-a0-394-gdc75ea7 (webtiles) character file.

857 tof the Slasher (level 7, -5/62 HPs)
             Began as a Minotaur Monk on Oct 18, 2017.
             Killed from afar by an orc wizard (6 damage)
             ... with a puff of flame
             ... on level 4 of the Dungeon.
             The game lasted 00:07:42 (4030 turns).

tof the Slasher (Minotaur Monk)                     Turns: 4030, Time: 00:07:42

Health: -5/62      AC: 10    Str: 18    XL:     7   Next: 70%
Magic:  6/6        EV: 12    Int:  7    God:
Gold:   186        SH:  0    Dex: 12    Spells: 6/6 levels left

rFire    . . .     SeeInvis .   a - +0 falchion
rCold    . . .     Gourm    .   (no shield)
rNeg     . . .     Faith    .   l - +0 scale mail
rPois    .         Spirit   .   (helmet restricted)
rElec    .         Reflect  .   (no cloak)
rCorr    .         Harm     .   h - +2 pair of gloves
MR       .....                  (no boots)
Stlth    ..........             (no amulet)
HPRegen  0.20/turn              (no ring)
MPRegen  0.10/turn              (no ring)

@: no status effects
A: retaliatory headbutt, horns 2
a: no special abilities


You were on level 4 of the Dungeon.
You were not hungry.

You visited 2 branches of the dungeon, and saw 5 of its levels.

You collected 186 gold pieces.

Inventory:

Hand Weapons
 a - a +0 falchion (weapon)
Missiles
 r - 3 tomahawks (quivered)
Armour
 h - a +2 pair of gloves (worn)
 l - a +0 scale mail (worn)
Wands
 t - a wand of digging (13/24)
Scrolls
 d - a scroll of recharging {unknown}
 f - 4 scrolls of remove curse {unknown}
 g - 2 scrolls of teleportation {unknown}
 j - a scroll of noise {unknown}
 k - a scroll of fear {unknown}
 m - 2 scrolls of identify {unknown}
 n - 2 scrolls of enchant weapon {unknown}
 s - 2 scrolls of magic mapping {unknown}
Potions
 o - a potion of haste {unknown}
 p - a potion of heal wounds {unknown}
Comestibles
 c - 3 bread rations
 i - 2 meat rations
 q - 3 fruits


   Skills:
 + Level 5.9 Fighting
 * Level 7.6 Long Blades
 + Level 4.3 Armour
 + Level 5.4 Dodging
 - Level 1.5 Stealth


You had 6 spell levels left.
You didn't know any spells.

Dungeon Overview and Level Annotations

Branches:
Dungeon (4/15)             Temple (1/1) D:4

Altars:
Ashenzari
Cheibriados
Dithmenos
Fedhas
Gozag
Hepliaklqana
Makhleb
Nemelex Xobeh
Okawaru
Trog
Vehumet
Xom
The Shining One


Innate Abilities, Weirdness & Mutations

You reflexively headbutt those who attack you in melee.
You have a pair of horns on your head.


Message History

You hit the orc.
The orc is almost dead.
* * * LOW HITPOINT WARNING * * *
You feel sick. The orc hits you.
* * * LOW HITPOINT WARNING * * *
Something hits you.
* * * LOW HITPOINT WARNING * * *
It was a potion of curing.
You feel better. The orc hits you but does no damage.
You hear some strange, mumbled words.
A puff of flame appears from out of thin air!
The puff of flame hits you!
* * * LOW HITPOINT WARNING * * *
It was a potion of magic.
Magic courses through your body. The orc misses you.
You riposte.
You barely miss the orc.
The orc is severely wounded.
You hear some strange, mumbled words.
A puff of flame appears from out of thin air!
The puff of flame hits you!
You die...

#########. #....
#########.......#.
##....##...............#.
.......#...............#.
.......#...............#.
#.....#...............#.
#.....#....####.......##
##.....#)..>#..#.........
.......o@...#..#.........
##.....#{...#..#.........
#.....#....#..#.........
.......#....#..###'#####'
.......#....#..........#.
##.##..#....#..##......#.
## #..#....#..##.....##.
#..#....#..#......##.
#..#......#..


You could see an orc.

Vanquished Creatures
  Pikel (D:4)
  4 slaves
  2 orc priests
  2 orc wizards
  Jessica (D:3)
  Natasha (thrice) (D:3)
  8 adders
  4 gnolls (D:2)
  An ooze (D:3)
  A dart slug (D:1)
  13 orcs
  A ball python (D:3)
  5 giant cockroaches
  10 goblins
  7 hobgoblins
  A jackal (D:2)
  2 quokkas (D:3)
  9 bats
  5 frilled lizards
  7 kobolds
  13 rats
100 creatures vanquished.

Notes
Turn   | Place    | Note
-------+----------+-------------------------------------------
     0 | D:1      | tof the Minotaur Monk began the quest for the Orb.
     0 | D:1      | Reached XP level 1. HP: 19/19 MP: 0/0
   237 | D:1      | Found a shimmering altar of Xom.
   239 | D:1      | Found a glowing golden altar of the Shining One.
   239 | D:1      | Found an iron altar of Okawaru.
   242 | D:1      | Found a blossoming altar of Fedhas.
   242 | D:1      | Found a radiant altar of Vehumet.
   242 | D:1      | Found a shimmering altar of Xom.
   283 | D:1      | Reached XP level 2. HP: 26/27 MP: 1/1
   308 | D:1      | Reached skill level 4 in Long Blades
   539 | D:1      | Reached skill level 1 in Armour
   872 | D:2      | Reached XP level 3. HP: 33/33 MP: 2/2
  1176 | D:2      | Reached XP level 4. HP: 40/40 MP: 3/3
  1403 | D:2      | Reached skill level 5 in Long Blades
  1860 | D:2      | Found a burning altar of Makhleb.
  1947 | D:3      | Noticed Natasha
  1954 | D:3      | Killed Natasha
  1954 | D:3      | Reached XP level 5. HP: 36/47 MP: 4/4
  1973 | D:3      | Noticed Natasha
  1977 | D:3      | Killed Natasha
  2106 | D:3      | Noticed Jessica
  2116 | D:3      | Killed Jessica
  2252 | D:3      | Noticed Natasha
  2259 | D:3      | Killed Natasha
  2259 | D:3      | Reached XP level 6. HP: 45/55 MP: 5/5
  2277 | D:3      | Reached skill level 6 in Long Blades
  2281 | D:3      | Reached skill level 5 in Fighting
  3017 | D:4      | Found a staircase to the Ecumenical Temple.
  3026 | Temple   | Entered the Ecumenical Temple
  3363 | D:4      | Noticed a slave
  3364 | D:4      | Noticed Pikel
  3364 | D:4      | Noticed a slave
  3364 | D:4      | Noticed a slave
  3364 | D:4      | Noticed a slave
  3439 | D:2      | Killed a slave
  3688 | D:3      | Killed a slave
  3737 | D:3      | Killed a slave
  3740 | D:3      | Killed a slave
  3862 | D:4      | Killed Pikel
  3862 | D:4      | Reached skill level 7 in Long Blades
  3862 | D:4      | Reached skill level 5 in Dodging
  3862 | D:4      | Reached XP level 7. HP: 54/62 MP: 6/6
  4028 | D:4      | HP: 2/62 [something (3)]
  4030 | D:4      | Killed from afar by an orc wizard

Vault maps used:
D:1:      lightli_arrival_maybe_door_vault, corexii_leaking_fountain,
          doesnt_xom_only_xom
D:2:      lemuel_coloured_pillars_altar, first_bread, minmay_heptomino_w4
D:3:      uniq_natasha, uniq_jessica
D:4:      minmay_temple_entry_grid, serial_shops, shop, uniq_pikel
Temple:   minmay_temple_curvy_loop

Skill      XL: |  1  2  3  4  5  6 |
---------------+-------------------+-----
Long Blades    | 4 5 7 |  7.6
Armour         | 1 2 4 |  4.3
Fighting       | 4 5 |  5.9
Dodging        | 4 5 |  5.4
Stealth        | |  1.5

Action                   |  1- 3 |  4- 6 |  7- 9 || total
-------------------------+-------+-------+-------++-------
Melee: Falchion          |    72 |   188 |    26 ||   286
       Headbutt          |     9 |    40 |     2 ||    51
  Use: Potion            |       |       |     2 ||     2
 Stab: Sleeping          |     1 |       |       ||     1
  Eat: Chunk             |     1 |     6 |       ||     7
       Bread ration      |       |     1 |       ||     1
Armor: Robe              |     8 |       |       ||     8
       Ring mail         |    19 |     9 |       ||    28
       Scale mail        |       |    77 |    17 ||    94
Dodge: Dodged            |    40 |   100 |    13 ||   153
       Rpst.: Falchion   |     8 |    25 |     5 ||    38

Table legend:
 A = Spawn XP
 B = Non-spawn XP
 C = Spawn XP percentage of total XP
 D = Spawn monster count
 E = Non-spawn monster count
 F = Spawn count percentage of total count
 G = Total turns spent on level
                    A         B        C        D         E        F      G
               +---------+---------+-------+---------+---------+-------+---------
         Total |       0 |    1225 |   0.0 |       0 |      96 |   0.0 |  4030
               +---------+---------+-------+---------+---------+-------+---------
           D:1 |       0 |      40 |   0.0 |       0 |      25 |   0.0 |   870
           D:2 |       0 |     129 |   0.0 |       0 |      31 |   0.0 |  1306
           D:3 |       0 |     355 |   0.0 |       0 |      34 |   0.0 |  1237
           D:4 |       0 |     701 |   0.0 |       0 |       6 |   0.0 |   406
               +---------+---------+-------+---------+---------+-------+---------
